 Dungeon Crawl Stone Soup version 0.20.0-14-g326068f (webtiles) character file.

884 Wardy1 the Skirmisher (level 7, -13/55 HPs)
             Began as a Demonspawn Gladiator on June 8, 2017.
             Was a Follower of Okawaru.
             Mangled by Pikel
             ... wielding a +0 whip of electrocution
              (17 damage)
             ... on level 5 of the Dungeon.
             The game lasted 00:10:20 (4003 turns).

Wardy1 the Skirmisher (Demonspawn Gladiator)        Turns: 4003, Time: 00:10:22

Health: -13/55     AC: 10    Str: 16    XL:     7   Next: 76%
Magic:  5/7        EV: 15    Int: 10    God:    Okawaru [*.....]
Gold:   153        SH:  0    Dex: 14    Spells: 6/6 levels left

rFire    . . .     SeeInvis .   t - +2 flail (venom)
rCold    + . .     Gourm    .   (no shield)
rNeg     . . .     Faith    .   y - +0 ring mail
rPois    .         Spirit   .   c - +0 helmet
rElec    .         Reflect  .   q - scarf {cloud immunity}
rCorr    .         Harm     .   j - +1 pair of gloves
MR       .....                  (no boots)
Stlth    ++........             (no amulet)
Regen    0.2/turn               k - ring of wizardry
MPRegen  0.1/turn               (no ring)

@: heroism
A: claws 2, cold resistance 1
a: Heroism, Renounce Religion


You were on level 5 of the Dungeon.
You worshipped Okawaru.
Okawaru was aware of your devotion.
You were not hungry.

You visited 1 branch of the dungeon, and saw 5 of its levels.

You collected 153 gold pieces.

Inventory:

Hand Weapons
 a - a +0 quarterstaff
 t - a +2 flail of venom (weapon)
 v - a +1 halberd of chopping
Missiles
 d - 3 throwing nets (quivered)
Armour
 b - a +0 leather armour
 c - a +0 helmet (worn)
 j - a +1 pair of gloves (worn)
 o - a +0 cloak
 q - a scarf of cloud immunity (worn)
 y - a +0 ring mail (worn)
Jewellery
 k - a ring of wizardry (left hand)
Wands
 i - a wand of flame (27/48)
Scrolls
 h - a scroll of magic mapping {unknown}
 m - 2 scrolls of teleportation {unknown}
 n - a scroll of recharging {unknown}
 r - 2 scrolls of remove curse {unknown}
 w - 2 scrolls of identify
Potions
 e - a potion of curing
 l - a potion of haste {unknown}
 s - 2 potions of mutation {unknown}
 u - a potion of heal wounds {unknown}
Comestibles
 f - 2 bread rations
 g - 4 royal jellies
 p - 4 meat rations
 x - 2 chunks of flesh


   Skills:
 * Level 4.9(9.9) Fighting
 + Level 4.1(10.2) Maces & Flails
 - Level 4.7(10.5) Staves
 - Level 1.7(6.7) Throwing
 * Level 3.3(8.3) Armour
 - Level 2.6(7.6) Dodging


You had 6 spell levels left.
You didn't know any spells.

Dungeon Overview and Level Annotations

Branches:
Dungeon (5/15)             Temple (0/1) D:4

Altars:
Elyvilon
Fedhas
Kikubaaqudgha
Okawaru
Trog

Annotations:
D:5 Pikel


Innate Abilities, Weirdness & Mutations

You have very sharp fingernails.
Your flesh is cold resistant. (rC+)


Message History

You are electrocuted!
The slave hits you but does no damage. The slave misses you.
The slave hits you. Pikel misses you. The slave closely misses you.
You barely miss Pikel. The slave hits you. x2
* * * LOW HITPOINT WARNING * * *
The slave completely misses you. Pikel misses you.
The slave hits you but does no damage.
You barely miss Pikel. The slave misses you. The slave closely misses you.
The slave hits you.
* * * LOW HITPOINT WARNING * * *
You closely miss Pikel. Pikel hits you but does no damage. The slave hits you.
* * * LOW HITPOINT WARNING * * *
The slave hits you!
* * * LOW HITPOINT WARNING * * *
You closely miss Pikel. The slave barely misses you. The slave misses you.
The slave closely misses you.
Pikel hits you with a whip of electrocution.
* * * LOW HITPOINT WARNING * * *
You are electrocuted!
You die...

...'...............#
####.#######....####
#######...#######
......'.........#
......#.........#
......#.........#
##'####...##....#
##.####...##...p##+##...
....#...........@p......
....#..........pKp......
....#...................
...##.....##.......##...
...#########.......# ..
....# #.......... .
....# #........... ....#
#........### .#..#
#........#


You could see Pikel and 4 slaves.

Vanquished Creatures
  Grinder (D:3)
  Menkaure (D:4)
  An ogre (D:4)
  The ghost of maniacrov the Conjurer, an amateur DECj (D:3)
  A crimson imp (D:4)
  2 orc priests
  4 orc wizards
  2 worker ants
  3 adders
  3 oozes
  2 worms (D:2)
  3 dart slugs
  4 leopard geckos
  19 orcs
  2 ball pythons (D:1)
  4 giant cockroaches
  10 goblins
  12 hobgoblins
  4 jackals (D:2)
  3 quokkas
  4 bats
  4 frilled lizards
  3 kobolds
  A quokka skeleton (D:5)
  12 rats
106 creatures vanquished.

Notes
Turn   | Place    | Note
-------+----------+-------------------------------------------
     0 | D:1      | Wardy1 the Demonspawn Gladiator began the quest for the Orb.
     0 | D:1      | Reached XP level 1. HP: 16/16 MP: 1/1
   167 | D:1      | Gained mutation: Your flesh is cold resistant. (rC+) [demonic ancestry]
   167 | D:1      | Reached XP level 2. HP: 17/22 MP: 2/2
  1029 | D:2      | Reached XP level 3. HP: 28/28 MP: 3/3
  1125 | D:2      | Found an iron altar of Okawaru.
  1125 | D:2      | Found a bloodstained altar of Trog.
  1137 | D:2      | Found a white marble altar of Elyvilon.
  1139 | D:2      | Found a blossoming altar of Fedhas.
  1139 | D:2      | Found an ancient bone altar of Kikubaaqudgha.
  1155 | D:2      | Became a worshipper of Warmaster Okawaru
  1565 | D:3      | Reached XP level 4. HP: 31/34 MP: 4/4
  1649 | D:3      | Noticed maniacrov's ghost (amateur DECj)
  1710 | D:3      | Killed maniacrov's ghost
  1710 | D:3      | Reached skill level 1 in Armour
  1710 | D:3      | Gained mutation: You have sharp fingernails. [demonic ancestry]
  1710 | D:3      | Reached XP level 5. HP: 18/40 MP: 5/5
  2163 | D:3      | Noticed Grinder
  2179 | D:3      | Paralysed by Grinder for 6 turns
  2187 | D:3      | Killed Grinder
  2187 | D:3      | Reached * piety under Okawaru
  2187 | D:3      | Reached skill level 1 in Maces & Flails
  2187 | D:3      | Gained mutation: You have very sharp fingernails. [demonic ancestry]
  2187 | D:3      | Reached XP level 6. HP: 15/48 MP: 6/6
  3008 | D:4      | Found a staircase to the Ecumenical Temple.
  3131 | D:4      | Noticed Menkaure
  3145 | D:4      | Killed Menkaure
  3145 | D:4      | Reached XP level 7. HP: 28/55 MP: 4/7
  3743 | D:5      | Entered Level 5 of the Dungeon
  3993 | D:5      | Noticed Pikel
  4003 | D:5      | Mangled by Pikel

Skill      XL: |  1  2  3  4  5  6  7 |
---------------+----------------------+-----
Staves         | 3 4 |  4.7
Armour         | 1 2 3 |  3.3
Fighting       | 3 4 |  4.9
Maces & Flails | 1 3 4 |  4.1
Throwing       | |  1.7
Dodging        | |  2.6

Action                   |  1- 3 |  4- 6 |  7- 9 || total
-------------------------+-------+-------+-------++-------
Melee: Quarterstaff      |   109 |    22 |       ||   131
       Flail             |       |   105 |    67 ||   172
       Punch             |       |     1 |       ||     1
Invok: Heroism           |       |     1 |     3 ||     4
  Use: Potion            |       |     3 |       ||     3
       Scroll            |       |     2 |     1 ||     3
  Eat: Chunk             |     2 |     5 |     3 ||    10
Armor: Leather armour    |    42 |    35 |     8 ||    85
       Ring mail         |       |       |    11 ||    11
Dodge: Dodged            |    67 |    76 |    48 ||   191
